 Dungeon Crawl Stone Soup version 0.28.0 (webtiles) character file.

Game seed: 13781936715011871120

3840 Cykl0x the Conjurer (level 10, -5/61 HPs)
             Began as a Gargoyle Earth Elementalist on Feb 15, 2022.
             Was a Priest of Zin.
             Killed from afar by a lich (34 damage)
             ... with a bolt of cold
             ... on level 1 of the Abyss.
             The game lasted 00:17:12 (8194 turns).

Cykl0x the Conjurer (Gargoyle Earth Elementalist)   Turns: 8194, Time: 00:17:13

Health: -5/61      AC: 21    Str: 13      XL:     10   Next: 18%
Magic:  8/20       EV: 13    Int: 25      God:    Zin [***...]
Gold:   324        SH:  2    Dex:  9 (10) Spells: 18/22 levels left

rFire   . . .      SeeInvis .   a - +1 long sword (elec)
rCold   . . .      Faith    .   x - +0 buckler
rNeg    + . .      Spirit   .   y - +3 scale mail
rPois   ∞          Reflect  .   g - +0 helmet
rElec   +          Harm     .   s - +2 cloak
rCorr   .          Rampage  .   (no gloves)
Will    .....                   (no boots)
Stlth   ..........              k - amulet of magic regeneration
HPRegen 0.20/turn               i - +6 ring of intelligence
MPRegen 0.57/turn               t - +4 ring of evasion

@: no status effects
A: sickness immunity, AC +7, negative energy resistance 1, electricity
resistance, torment resistance 1, petrification resistance
a: Renounce Religion, Recite, Vitalisation, Imprison, Donate Gold


You were on level 1 of the Abyss.
You worshipped Zin.
Zin was most pleased with you.
You visited 2 branches of the dungeon, and saw 9 of its levels.
You visited the Abyss 1 time.

You collected 384 gold pieces.
You spent 25 gold pieces at shops.
You donated 35 gold pieces to Zin.

Inventory:

Hand Weapons
 a - a +1 long sword of electrocution (weapon)
 b - a +4 dagger of freezing
 j - a +3 dagger of venom
 n - a +0 scimitar of flaming
 w - a +0 great sword
Missiles
 c - 237 stones
Armour
 g - a +0 helmet (worn)
 s - a +2 cloak (worn)
 u - a +2 ring mail of cold resistance
 x - a +0 buckler (worn)
 y - a +3 scale mail (worn)
 D - +0 steam dragon scales
Jewellery
 i - a +6 ring of intelligence (left hand)
 k - an amulet of magic regeneration (around neck)
 t - a +4 ring of evasion (right hand)
Wands
 m - a wand of flame (29)
 p - a wand of iceblast (8)
 z - a wand of mindburst (12)
Scrolls
 o - 5 scrolls of teleportation
 C - a scroll of magic mapping
Potions
 d - a potion of lignification
 e - 2 potions of flight
 f - a potion of berserk rage
 h - 4 potions of curing
 l - a potion of mutation
 q - a potion of attraction
 r - 2 potions of ambrosia
 v - a potion of haste
 B - a potion of heal wounds


   Skills:
 * Level 6.5 Fighting
 + Level 2.7 Long Blades
 + Level 3.1 Armour
 + Level 2.6 Dodging
 - Level 2.1 Stealth
 + Level 6.7 Spellcasting
 + Level 7.8 Conjurations
 - Level 0.7 Transmutations
 + Level 7.7 Earth Magic
 * Level 2.4 Invocations


You had 18 spell levels left.
You knew the following spells:

 Your Spells              Type           Power      Damage    Failure   Level
a - Sandblast             Erth           94%        2d19      1%          1
b - Stone Arrow           Conj/Erth      94%        3d12      5%          3

Your spell library contained the following spells:

 Spells                   Type           Power      Damage    Failure   Level
 Passwall                 Tmut/Erth      24%        N/A       12%         2
 Summon Small Mammal      Summ           32%        N/A       38%         1
 Petrify                  Tmut/Erth      29%        N/A       58%         4
 Call Canine Familiar     Summ           8%         N/A       77%         3
 Summon Guardian Golem    Hex/Summ       8%         N/A       77%         3


Dungeon Overview and Level Annotations

Branches:
Dungeon (8/15)             Temple (1/1) D:5
   Lair: D:8-11

Altars:
Ashenzari
Cheibriados
Dithmenos
Elyvilon
Fedhas
Hepliaklqana
Makhleb
Nemelex Xobeh
Okawaru
Qazlal
Ru
Sif Muna
Trog
Uskayaw
Vehumet
Wu Jian
Yredelemnul
Zin

Shops:
D:5 *

Annotations:
D:8 Psyche


Innate Abilities, Weirdness & Mutations

You are immune to sickness and miasma.
Your stone body is resilient. (AC +7)
You are immune to poison.
You resist negative energy. (rN+)
You are resistant to electric shocks. (rElec)
You are resistant to unholy torment.
You are immune to petrification.


Message History

The demonic crawler is heavily wounded.
The demonic crawler hits you but does no damage.
The demonic crawler misses you.
The demonic crawler hits you but does no damage.
The stone arrow hits the demonic crawler!!
The demonic crawler is almost dead.
The demonic crawler hits you but does no damage.
The demonic crawler closely misses you. The demonic crawler barely misses you.
The stone arrow hits the demonic crawler.
The demonic crawler is almost dead.
The demonic crawler shrieks in warning!
The stone arrow hits the demonic crawler!
You kill the demonic crawler!
That felt strangely unrewarding.
Unknown command.
A white imp comes into view.
Your magical contamination has completely faded away.
The white imp gestures at you. The puff of frost misses you.
Casting: Stone Arrow (dangerous; 5% risk of failure)
Confirm with . or Enter, or press ? or * to list all spells.
Okay, then.
The stone arrow hits the white imp!
You kill the white imp!
That felt strangely unrewarding.
A lich comes into view.
The stone arrow hits the lich!!
The lich is moderately damaged.
The lich gestures wildly while chanting.
The lich flickers and vanishes!
Deactivating autopickup; reactivate with Ctrl-A.
Okay, then.
You hear some strange, mumbled words.
A bolt of cold appears from out of thin air!
The bolt of cold hits you!!
You hear some strange, mumbled words.
A bolt of cold appears from out of thin air!
The bolt of cold hits you!!
Ouch! That really hurt!
You die...

....# ...# ....
..# ..# #.# #.#
##@### #....#
..#....# .
#.#....# .L
#.#....# . .
#.#{...#.# #..#
.#....#.#.
#..{.....#.....
#. ## #....###.


There were no monsters in sight!

Vanquished Creatures
  Pikel (D:5)
  A worldbinder (Abyss:1)
  A guardian serpent (Abyss:1)
  A demonic crawler (Abyss:1)
  Maggie (D:6)
  An ancient zyme (Abyss:1)
  Prince Ribbit (D:6)
  Grinder (D:4)
  A steam dragon (D:8)
  2 water moccasins
  Duvessa (D:6)
  An orc warrior (D:4)
  4 ogres
  A centaur (D:5)
  3 lemures (D:5)
  3 bullfrogs
  A scorpion (D:4)
  A wyvern zombie (D:7)
  A water moccasin skeleton (D:7)
  Dowan (D:6)
  8 wights (D:6)
  A bullfrog zombie (D:5)
  A quasit (Abyss:1)
  Crazy Yiuf (D:4)
  8 orc priests
  2 hounds
  3 jellies
  A centaur skeleton (D:7)
  3 iguanas
  Terence (D:3)
  Natasha (thrice) (D:2)
  2 bullfrog skeletons
  Ijyb (D:4)
  4 orc wizards
  A killer bee zombie (D:5)
  Robin (D:1)
  8 adders
  3 white imps
  2 ufetubi
  2 dart slugs
  19 orcs
  3 bats
  6 endoplasms
  4 giant cockroaches
  13 goblins
  11 hobgoblins
  14 jackals
  8 kobolds
  3 quokkas
  5 ball pythons
  3 frilled lizards
  6 rats
179 creatures vanquished.

Notes
Turn   | Place    | Note
-------+----------+-------------------------------------------
     0 | D:1      | Cykl0x the Gargoyle Earth Elementalist began the quest for
                  | the Orb.
     0 | D:1      | Reached XP level 1. HP: 10/10 MP: 3/3
   194 | D:1      | Reached skill level 1 in Conjurations
   194 | D:1      | Reached XP level 2. HP: 16/16 MP: 3/5
   735 | D:1      | Reached XP level 3. HP: 20/20 MP: 4/6
   739 | D:1      | Learned a level 3 spell: Stone Arrow
   967 | D:1      | Reached skill level 1 in Fighting
  1461 | D:2      | Found a faded altar of an unknown god.
  1463 | D:2      | Noticed Natasha
  1506 | D:2      | Noticed Robin
  1589 | D:1      | Killed Robin
  1648 | D:1      | Reached XP level 4. HP: 18/25 MP: 5/7
  1659 | D:2      | Killed Natasha
  1919 | D:2      | Noticed Natasha
  1934 | D:2      | Killed Natasha
  1935 | D:2      | Reached skill level 1 in Long Blades
  1935 | D:2      | Reached XP level 5. HP: 20/30 MP: 1/8
  2262 | D:2      | Noticed Natasha
  2267 | D:2      | Killed Natasha
  2908 | D:3      | Noticed Terence
  2910 | D:3      | Killed Terence
  3425 | D:4      | Noticed Ijyb
  3428 | D:4      | Killed Ijyb
  3429 | D:4      | Reached XP level 6. HP: 33/36 MP: 3/10
  3539 | D:4      | Noticed an orc warrior
  3551 | D:4      | Killed an orc warrior
  3552 | D:4      | Reached skill level 5 in Earth Magic
  3790 | D:4      | Noticed Grinder
  3794 | D:4      | Killed Grinder
  3795 | D:4      | Reached XP level 7. HP: 36/41 MP: 2/12
  4130 | D:4      | Reached XP level 8. HP: 48/48 MP: 8/14
  4238 | D:4      | Found a runed translucent door.
  4239 | D:4      | Noticed Crazy Yiuf
  4451 | D:4      | Killed Crazy Yiuf
  4485 | D:5      | Entered Level 5 of the Dungeon
  4556 | D:5      | Reached skill level 5 in Conjurations
  4602 | D:5      | Found Runiofa's Assorted Antiques.
  4610 | D:5      | Bought a scroll labelled TORUCKODEIPN for 25 gold pieces
  4901 | D:5      | Reached skill level 5 in Spellcasting
  5010 | D:5      | Noticed Pikel
  5012 | D:5      | Killed Pikel
  5013 | D:5      | Reached skill level 5 in Fighting
  5013 | D:5      | Reached skill level 1 in Armour
  5013 | D:5      | Reached XP level 9. HP: 44/54 MP: 1/17
  5070 | D:5      | Found a staircase to the Ecumenical Temple.
  5081 | Temple   | Entered the Ecumenical Temple
  5394 | Temple   | Became a worshipper of Zin the Law-Giver
  5394 | Temple   | Reached * piety under Zin
  6029 | D:6      | Noticed Dowan
  6032 | D:6      | Noticed Duvessa
  6035 | D:6      | Killed Dowan
  6039 | D:6      | Killed Duvessa
  6111 | D:6      | Reached skill level 1 in Invocations
  6127 | D:6      | Noticed Prince Ribbit
  6131 | D:6      | Killed Prince Ribbit
  6379 | D:6      | Reached ** piety under Zin
  6501 | D:6      | Noticed Maggie
  6506 | D:6      | Killed Maggie
  6948 | D:7      | Reached XP level 10. HP: 60/60 MP: 13/19
  7071 | D:7      | Reached *** piety under Zin
  7937 | D:8      | Noticed Psyche
  7956 | D:8      | Cast into level 1 of the Abyss (Psyche)
  7982 | Abyss:1  | Noticed a thrashing horror
  8017 | Abyss:1  | Noticed a worldbinder
  8020 | Abyss:1  | Noticed a bog body
  8021 | Abyss:1  | Killed a worldbinder
  8041 | Abyss:1  | Noticed a guardian serpent
  8052 | Abyss:1  | Killed a guardian serpent
  8167 | Abyss:1  | Noticed a demonic crawler
  8174 | Abyss:1  | Killed a demonic crawler
  8184 | Abyss:1  | Noticed a lich
  8194 | Abyss:1  | Killed from afar by a lich

Illustrated notes

Levels and vault maps discovered:
D:1:      minmay_arrival_four_loops, layout_basic
D:2:      layout_rooms, hellmonk_ecumenical_altar_dog_temple, uniq_robin,
          uniq_natasha
D:3:      layout_basic, uniq_terence
D:4:      layout_cave_pools, minmay_bisected, uniq_grinder, uniq_ijyb,
          uniq_crazy_yiuf_cottage
D:5:      layout_basic, minmay_temple_entry_stoned_glass, serial_shops, shop,
          uniq_pikel
D:6:      layout_layer_cave, uniq_duvessa, uniq_maggie, uniq_prince_ribbit1
D:7:      layout_cave_pods, hellmonk_bongcloud_opening, minmay_misc_feat_pillars
D:8:      layout_basic, serial_park_tiny_2, hangedman_abyss_or_decor_stabs,
          uniq_erica, uniq_psyche, uniq_joseph
Temple:   dpeg_five_rooms_temple
Abyss:1:  base: D:1, hangedman_cross_veins

Skill      XL: |  1  2  3  4  5  6  7  8  9 10 |
---------------+-------------------------------+-----
Conjurations   | 1 2 3 4 6 7 |  7.8
Earth Magic    | 4 5 6 7 |  7.7
Fighting       | 1 2 3 4 5 6 |  6.5
Long Blades    | 1 2 |  2.7
Dodging        | 2 |  2.6
Spellcasting   | 3 4 5 6 |  6.7
Armour         | 1 2 3 |  3.1
Invocations    | 2 |  2.4
Stealth        | |  2.1
Transmutations | |  0.7

Action                   |  1- 3 |  4- 6 |  7- 9 | 10-12 || total
-------------------------+-------+-------+-------+-------++-------
Melee: Long sword        |    51 |    49 |    61 |    14 ||   175
       Punch             |     1 |     1 |       |       ||     2
       Unarmed           |       |       |       |     2 ||     2
       Scimitar          |       |       |       |     1 ||     1
 Cast: Sandblast         |    33 |    15 |     4 |     2 ||    54
       Stone Arrow       |     5 |    45 |   110 |    49 ||   209
Invok: Recite            |       |       |       |     1 ||     1
  Use: Scroll            |     3 |     6 |     5 |     5 ||    19
Armor: Robe              |    39 |    26 |     8 |       ||    73
       Ring mail         |       |       |    32 |       ||    32
       Leather armour    |       |       |     5 |       ||     5
       Scale mail        |       |       |     2 |    31 ||    33
       Skin              |       |       |       |     4 ||     4
Dodge: Dodged            |    68 |    45 |    40 |    45 ||   198
Block: Buckler           |       |       |       |     6 ||     6
